 Dungeon Crawl Stone Soup version 0.31-a0-1570-g93c622d222 (webtiles) character file.

Game seed: 2789332621181668141

668 olourkin the Summoner (level 7, -2/36 HPs)
             Began as a Deep Elf Summoner on Jan 3, 2024.
             Slain by a hornet (10 damage)
             ... on level 4 of the Dungeon.
             The game lasted 00:23:22 (4699 turns).

olourkin the Summoner (Deep Elf Summoner)           Turns: 4699, Time: 00:23:23

Health: -2/36      AC:  6    Str:  5    XL:     7   Next: 32%
Magic:  12/22      EV: 13    Int: 22    God:
Gold:   196        SH:  0    Dex: 15    Spells: 6/12 levels left

rFire   + . .        k - +1 dagger (freeze)
rCold   . . .        (no shield)
rNeg    . . .        w - +0 robe {rF+}
rPois   .            (no helmet)
rElec   .            (no cloak)
rCorr   .            (no gloves)
SInv    .            (no boots)
Will    .....        (no amulet)
Stlth   +++          l - +4 ring of protection
HPRegen 0.26/turn    q - ring of magical power
MPRegen 0.18/turn

%: no passive effects
@: slowed, inugami summoned, very slow
A: no striking features
a: no special abilities


You were on level 4 of the Dungeon.
You visited 1 branch of the dungeon, and saw 4 of its levels.
You also visited: Ossuary.

You collected 196 gold pieces.

Inventory:

Hand Weapons
 g - a +0 dagger
 k - a +1 dagger of freezing (weapon)
 m - a +0 sling
 v - a +2 long sword of draining
Missiles
 i - 50 stones
 r - 5 poisoned darts (quivered)
Armour
 a - a +0 robe
 e - a +0 leather armour
 w - a +0 robe of fire resistance (worn)
Jewellery
 l - a +4 ring of protection (left hand)
 n - a ring of resist corrosion
 q - a ring of magical power (right hand)
 C - a ring of poison resistance
Scrolls
 c - 2 scrolls of enchant weapon {unknown}
 d - 4 scrolls of poison {unknown}
 f - a scroll of butterflies {unknown}
 h - 3 scrolls of teleportation {unknown}
 o - 2 scrolls of immolation {unknown}
 p - a scroll of amnesia {unknown}
 t - 3 scrolls of blinking {unknown}
 y - 4 scrolls of revelation {unknown}
 z - a scroll of vulnerability {unknown}
 A - a scroll of enchant armour {unknown}
 B - a scroll of fog {unknown}
Potions
 b - a potion of magic
 j - 2 potions of haste {unknown}
 s - 4 potions of curing {unknown}
 u - 2 potions of attraction {unknown}
 x - a potion of brilliance {unknown}
 D - a potion of resistance {unknown}


   Skills:
 + Level 3.9 Dodging
 + Level 6.1 Stealth
 - Level 3.0 Spellcasting
 * Level 8.1 Summonings


You had 6 spell levels left.
You knew the following spells:

 Your Spells              Type           Power      Damage    Failure   Level
a - Call Imp              Summ           78%        N/A       1%          2
y - Call Canine Familiar  Summ           39%        N/A       1%          3
z - Summon Small Mammal   Summ           100%       N/A       1%          1

Your spell library contained the following spells:

 Spells                   Type           Power      Damage    Failure   Level
 Kiss of Death            Conj/Necr      12%        2d6       12%         1
 Summon Blazeheart Golem  Fire/Summ      21%        N/A       22%         4
 Summon Lightning Spire   Summ/Air       21%        N/A       22%         4
 Confusing Touch          Hex            3%         N/A       36%         3
 Dispel Undead            Necr           3%         3d7       77%         4


Dungeon Overview and Level Annotations

Branches:
Dungeon (4/15)            Ossuary (visited)
 Temple: D:4-7

Altars:
Fedhas
Kikubaaqudgha

Shops:
D:1 (   D:4 !

Annotations:
D:3 Terence


Message History

The hornet barely misses you.
Your quokka bites the hornet but does no damage.
Casting: Summon Small Mammal (safe; 1% risk of failure)
Confirm with . or Enter, or press ? or * to list all spells.
A tiny devil pulls itself out of the air.
The hornet misses you.
Your quokka bites the hornet.
The hornet misses you.
Your cerulean imp misses the hornet.
The hornet attacks as it pursues you! The hornet closely misses you.
The hornet stings you!
You feel yourself slow down.
Your cerulean imp hits the hornet but does no damage.
Casting: Call Imp (safe; 1% risk of failure)
Confirm with . or Enter, or press ? or * to list all spells.
You feel yourself speed up.
Your quokka disappears in a puff of smoke!
The hornet misses you.
Your quokka bites the hornet.
The hornet stings you!
* * * LOW HITPOINT WARNING * * *
You suddenly lose the ability to move!
Your cerulean imp barely misses the hornet.
Your quokka bites the hornet but does no damage.
The hornet stings your quokka.
Your quokka seems to slow down.
Your quokka closely misses the hornet.
Your cerulean imp hits the hornet but does no damage.
The hornet stings your cerulean imp!
Your cerulean imp dies!
Your cerulean imp disappears in a puff of smoke!
The hornet buzzes angrily.
The hornet stings you!
* * * LOW HITPOINT WARNING * * *
You feel yourself slow down.
Your quokka bites the hornet.
You can move again.
You swap places.
The hornet stings your rat!
Your rat dies!
Your rat's corpse disappears in a puff of smoke!
Casting: Summon Small Mammal (safe; 1% risk of failure)
Confirm with . or Enter, or press ? or * to list all spells.
You call for your canine familiar and it appears with a howl!
Your quokka is no longer moving slowly.
The hornet stings you!
You die...

#...##.......# ###
#.#.###.## ##.###......†#
#.. # #.# #...........#
#.##.# #.# # #.#
#...........# #.##.###.#.#
#....
##.##.......###.#...##.#.#
#####
#.##....................
#.###.#....###.h).....##
#[# #......>.).#####...#
#.# ####.#.###@y.#.....#
#.######.#.# ###r#.r...#
#........#.# #...###.#
###..#######.# #####
#.######## .....#######.#
#....ry... ###..........#
########## ############


You could see a hornet (ally target), a friendly quokka (summoned) and a
friendly inugami (summoned).

Vanquished Creatures
  Eustachio (D:4)
  A gnoll (D:4)
  A bat (D:2)
  2 bat zombies (D:3)
  An endoplasm (D:2)
  A giant cockroach (D:4)
  A hobgoblin (D:4)
  A kobold (D:1)
  A quokka (D:4)
  2 ball pythons
12 creatures vanquished.

Vanquished Creatures (collateral kills)
  A scorpion (D:4)
  A burial acolyte (Ossuary)
  2 wights (Ossuary)
  A vampire bat (D:3)
  A bombardier beetle (D:4)
  An orc wizard (D:3)
  A mummy (Ossuary)
  6 adders
  6 gnolls (D:4)
  A dart slug (D:2)
  A ribbon worm (D:2)
  5 orcs (D:3)
  3 bats
  A bat skeleton (D:3)
  2 bat zombies (D:3)
  5 endoplasms
  5 goblins
  3 hobgoblins
  4 jackals (D:4)
  3 kobolds
  2 quokkas
  4 ball pythons
  A frilled lizard (D:2)
  7 gnoll skeletons (Ossuary)
  6 kobold skeletons (Ossuary)
  9 orc skeletons (Ossuary)
  A rat (D:2)
83 creatures vanquished.

Grand Total: 95 creatures vanquished

Notes
Turn   | Place    | Note
-------+----------+-------------------------------------------
     0 | D:1      | olourkin the Deep Elf Summoner began the quest for the Orb.
     0 | D:1      | Reached XP level 1. HP: 10/10 MP: 6/6
    52 | D:1      | Found Janteraz's Weapon Shop.
   479 | D:1      | Reached XP level 2. HP: 15/15 MP: 5/8
  1386 | D:2      | Learned a level 2 spell: Call Imp
  1448 | D:2      | Reached skill level 5 in Summonings
  1566 | D:2      | Reached XP level 3. HP: 19/19 MP: 4/9
  1969 | D:2      | Reached XP level 4. HP: 24/24 MP: 5/10
  2040 | D:2      | Found a blossoming altar of Fedhas.
  2148 | D:3      | Noticed Terence
  2277 | D:3      | Reached skill level 6 in Summonings
  2312 | D:3      | Learned a level 3 spell: Call Canine Familiar
  2598 | D:3      | Found an ancient bone altar of Kikubaaqudgha.
  2838 | D:3      | Reached XP level 5. HP: 26/28 MP: 8/11
  3143 | D:3      | Found a blossoming altar of Fedhas.
  3346 | D:4      | Found Soruth's Distillery.
  3379 | D:4      | Reached skill level 5 in Stealth
  3396 | D:4      | Found a sand-covered staircase.
  3402 | Ossuary  | Entered an ossuary
  3455 | Ossuary  | Reached skill level 7 in Summonings
  3661 | Ossuary  | Reached XP level 6. HP: 17/32 MP: 12/12
  4017 | D:4      | Noticed Eustachio
  4045 | D:4      | Killed Eustachio
  4046 | D:4      | Reached XP level 7. HP: 36/36 MP: 13/13
  4103 | D:4      | Noticed a hornet
  4556 | D:4      | Reached skill level 8 in Summonings
  4695 | D:4      | Paralysed by a hornet for 3 turns
  4699 | D:4      | Slain by a hornet

Illustrated notes

Levels and vault maps discovered:
D:1:      psy_arrival_basics, layout_basic, serial_shops,
          nicolae_shop_waterfront
D:2:      layout_rooms, basic_altar
D:3:      layout_loops_ring, kennysheep_vampire_church, marbit_many_paths,
          uniq_terence
D:4:      layout_loops_ring, serial_shops, shop, nicolae_ossuary_entry_plus,
          uniq_eustachio

Skill      XL: |  1  2  3  4  5  6  7 |
---------------+----------------------+-----
Stealth        | 3 4 5 6 |  6.1
Summonings     | 5 6 7 8 |  8.1
Dodging        | 3 |  3.9
Spellcasting   | |  3.0

Action                     |  1- 3 |  4- 6 |  7- 9 || total
---------------------------+-------+-------+-------++-------
  Melee: Dagger            |    27 |    34 |     3 ||    64
         Unarmed           |     3 |       |       ||     3
  Throw: Dart              |       |     1 |       ||     1
   Cast: Summon Small Mamm |    47 |    44 |    10 ||   101
         Call Imp          |    11 |    32 |     7 ||    50
         Call Canine Famil |       |    10 |     5 ||    15
   Stab: Sleeping          |     1 |     1 |     1 ||     3
         Distracted        |       |     1 |     1 ||     2
 Armour: Robe              |    16 |    18 |     4 ||    38
  Dodge: Dodged            |    27 |    52 |     5 ||    84

Table legend: (Time is in decaauts)
 A = Elapsed time spent in this place.
 B = Non-inter-level travel time spent in this place.
 C = Inter-level travel time spent in this place.
 D = Time resting spent in this place.
 E = Time spent auto-exploring this place.
 F = Levels seen in this place.
 G = Mean time per level.
                   A        B        C        D        E       F      G
               +--------+--------+--------+--------+--------+-----+--------+
         Total |   4699 |   4587 |    112 |    897 |   2335 |   5 |  939.8 |
       Dungeon |   4107 |   3995 |    112 |    671 |   2204 |   4 | 1026.8 |
       Ossuary |    591 |    591 |      0 |    226 |    131 |   1 |  591.0 |
               +--------+--------+--------+--------+--------+-----+--------+

Top non-repeatable levels by time:
     D:1: 1364 daAuts
     D:3: 1103 daAuts
     D:4: 831 daAuts
     D:2: 807 daAuts
 Ossuary: 591 daAuts
